 Dungeon Crawl Stone Soup version 0.21-a0-274-gc1afaeb (webtiles) character file.

155207 Kidiri the Eclecticist (level 17, -2/96 HPs)
             Began as a Deep Elf Fire Elementalist on Sept 19, 2017.
             Was a High Priest of Vehumet.
             Slain by a black mamba (9 damage)
             ... on level 4 of the Snake Pit.
             The game lasted 03:05:50 (39661 turns).

Kidiri the Eclecticist (DEFE)                      Turns: 39661, Time: 03:05:50

Health: -2/96      AC: 11    Str:  7    XL:     17   Next: 8%
Magic:  2/38       EV: 20    Int: 38    God:    Vehumet [*****.]
Gold:   1943       SH: 14    Dex: 22    Spells: 6/54 levels left

rFire    + + .     SeeInvis .   s - +9 long sword of Biz Hyon {flame, Dex+4}
rCold    + + .     Gourm    .   Y - +5 shield "Buxeocit" {rC+ Int+4}
rNeg     . . .     Faith    .   o - +2 robe {MR+}
rPois    +         Spirit   .   r - +0 helmet {Int+3}
rElec    +         Reflect  .   O - scarf {rC+ rF+}
rCorr    .         Harm     .   P - +2 pair of gloves {Dex+3}
MR       ++...     Clarity  +   (no boots)
Stlth    ++........             j - amulet of Untruth {+Inv Regen+}
HPRegen  0.66/turn              w - ring of poison resistance
MPRegen  0.26/turn              b - ring of Danich {rElec rF+ Str+2 Int+3}

@: lethally poisoned (-2 -> -4), very slightly contaminated
A: hooves 1, molten scales 1, clarity, low mp 1
a: Renounce Religion, Evoke Invisibility


You were on level 4 of the Snake Pit.
You worshipped Vehumet.
Vehumet was extremely pleased with you.
You were not hungry.

You visited 5 branches of the dungeon, and saw 28 of its levels.
You also visited: Labyrinth and Ice Cave.

You collected 2966 gold pieces.
You spent 1023 gold pieces at shops.

Inventory:

Hand Weapons
 s - the +9 long sword of Biz Hyon (weapon) {flame, Dex+4}
   (You took it off a centaur on level 15 of the Dungeon)

   It has been specially enchanted to burn those struck by it, causing extra
   injury to most foes and up to half again as much damage against particularly
   susceptible opponents.
   Big, fiery blades are also staple armaments of hydra-hunters.
   It affects your dexterity (+4).
Missiles
 p - 4 throwing nets (quivered)
Armour
 o - a +2 robe of magic resistance (worn)
 r - a +0 helmet of intelligence (worn)
 O - a scarf of resistance (worn)
 P - a +2 pair of gloves of dexterity (worn)
 Y - the +5 shield "Buxeocit" (worn) {rC+ Int+4}
   (You acquired it on level 6 of the Lair of Beasts)

   It affects your intelligence (+4).
   It protects you from cold.
Jewellery
 b - the ring of Danich (right hand) {rElec rF+ Str+2 Int+3}
   (You bought it in a shop on level 10 of the Dungeon)

   [ring of protection from fire]

   It affects your strength (+2).
   It affects your intelligence (+3).
   It protects you from fire.
   It insulates you from electricity.
 e - an uncursed ring of see invisible
 j - the amulet of Untruth (around neck) {+Inv Regen+}
   (You found it on level 2 of the Lair of Beasts)

   [amulet of regeneration]

   It lets you turn invisible.
   It increases your rate of regeneration.
 m - an uncursed ring of magical power
 q - an uncursed ring of fire
 w - a ring of poison resistance (left hand)
Wands
 a - a wand of flame (22/48)
 d - a wand of digging (18/24)
 u - a wand of iceblast (8/15)
 y - a wand of digging (11/24)
 A - a wand of iceblast (11/15)
 E - a wand of enslavement (9/24)
 F - a wand of iceblast (9/15)
 H - a wand of lightning (7/15)
 N - a wand of paralysis (17/24)
 S - a wand of scattershot (5/9)
Scrolls
 g - 16 scrolls of teleportation
 k - 8 scrolls of remove curse
 t - 6 scrolls of recharging
 v - 6 scrolls of amnesia
 z - 3 scrolls of blinking
 I - 3 scrolls of torment
 T - 4 scrolls of magic mapping
Potions
 f - 5 potions of might
 h - 11 potions of curing
 i - 2 potions of mutation
 l - 8 potions of agility
 n - 2 potions of ambrosia
 x - 5 potions of haste
 B - 3 potions of brilliance
 G - a potion of heal wounds
 K - 3 potions of resistance
 U - a potion of berserk rage
 V - 2 potions of cancellation
 W - 8 potions of flight
 X - 2 potions of invisibility
 Z - 3 potions of lignification
Books
 J - a book of Air

   Spells                             Type                      Level
   a - Shock                          Conjuration/Air              1
   b - Swiftness                      Charms/Air                   2
   c - Static Discharge               Conjuration/Air              3
   d - Airstrike                      Air                          4
   e - Lightning Bolt                 Conjuration/Air              5
Comestibles
 c - 15 bread rations
 C - 6 meat rations
 D - a royal jelly


   Skills:
 + Level 7.2 Fighting
   Level 7.9 Short Blades
 + Level 7.3 Armour
 + Level 10.6 Dodging
 - Level 2.4 Stealth
 + Level 5.1 Shields
 * Level 19.0 Spellcasting
 + Level 11.9 Conjurations
 + Level 12.2 Fire Magic
 + Level 8.6 Air Magic
 + Level 9.1 Earth Magic
 + Level 9.6 Poison Magic


You had 6 spell levels left.
You knew the following spells:

 Your Spells              Type           Power        Failure   Level  Hunger
a - Flame Tongue          Conj/Fire      #####        0%          1    None
b - Throw Flame           Conj/Fire      ######       1%          2    None
c - Conjure Flame         Conj/Fire      #######.     1%          3    None
d - Inner Flame           Hex/Fire       ######..     1%          3    None
e - Ignite Poison         Fire/Tmut/Pois #######.     1%          3    None
f - Sticky Flame          Conj/Fire      #######.     1%          4    None
g - Fireball              Conj/Fire      #######...   1%          5    None
h - Bolt of Magma         Conj/Fire/Erth #######...   1%          5    None
i - Bolt of Fire          Conj/Fire      #######...   1%          6    None
j - Iron Shot             Conj/Erth      #######...   1%          6    None
k - Mephitic Cloud        Conj/Pois/Air  #######.     1%          3    None
l - Orb of Destruction    Conj           #######...   4%          7    None


Dungeon Overview and Level Annotations

Branches:
Dungeon (15/15)            Temple (1/1) D:5            Lair (6/6) D:10
 Shoals (0/4) Lair:4        Snake (4/4) Lair:4        Slime (0/5) Lair:5
    Orc (2/2) D:12            Elf (0/3) Orc:2        Vaults (0/5) D:13
 Depths (0/5) D:15

Altars:
Ashenzari
Cheibriados
Dithmenos
Elyvilon
Fedhas
Gozag
Hepliaklqana
Kikubaaqudgha
Makhleb
Nemelex Xobeh
Okawaru
Qazlal
Ru
Sif Muna
Trog
Uskayaw
Vehumet
Wu Jian
Xom
Yredelemnul
Zin
The Shining One

Shops:
D:10 [=!   D:14 =   Orc:2 :(}(

Annotations:
D:10 2 transporters
Snake:4 Slowdrip's ghost, adept CeGl


Innate Abilities, Weirdness & Mutations

You have large cloven feet.
You are partially covered in molten scales. (AC +2)
You possess an exceptional clarity of mind.
Your magical capacity is low. (-10% MP)


Message History

* * * LOW HITPOINT WARNING * * *
The black mamba hisses angrily.
Unknown command.
Unknown command.
Unknown command.
Unknown command.
You feel sick.
The naga ritualist moves out of view.
The black mamba closely misses you.
You riposte.
You barely miss the black mamba.
The black mamba is almost dead.
Unknown command.
You feel much better.
You feel sick. The black mamba bites you!!
* * * LOW HITPOINT WARNING * * *
You block the black mamba's attack.
The naga sharpshooter gestures wildly while chanting.
The naga sharpshooter magically shoots an arrow.
The arrow hits you!
* * * LOW HITPOINT WARNING * * *
The black mamba bites you!
You die...

#### ##. #..#####.. ..
##.......# .... ###..#######
.....###############....#
....................)...#
#.............).........#
#.............<....###..##
###.............@.)..# ##...#
.........)......SS...####...#
...........#..W.(..........##
#..........#....S..........#
#......(.†..S((S............
...........N............##..
.....((...[(...........##
.....(.((..[..)........#
).......###............#####


You could see a naga sharpshooter, a shock serpent, 4 black mambas and
Slowdrip's ghost.

Vanquished Creatures
  Rupert (D:13)
  Frances (D:13)
  Gastronok (Lair:3)
  3 nagarajas
  Azrael (D:13)
  A fire dragon (D:15)
  A minotaur (Lab)
  Josephine (Orc:1)
  A rakshasa (D:15)
  4 naga warriors
  6 hydras
  The ghost of tof the Grappler, a novice TrMo of Wu Jian (D:8)
  4 centaur warriors
  4 two-headed ogres
  16 anacondas
  A death knight (D:12)
  A tengu warrior (D:14)
  3 orc high priests (Orc:2)
  9 naga sharpshooters
  4 shock serpents
  A fire crab (shapeshifter) (D:13)
  3 salamander mystics
  An unseen horror (shapeshifter) (D:14)
  9 skeletal warriors
  An unseen horror (D:15)
  5 naga ritualists
  A glowing orange brain (D:15)
  Pikel (D:9)
  8 mana vipers
  11 orc knights
  3 ugly things (D:15)
  2 cyclopes
  6 orc sorcerers
  A necromancer (IceCv)
  13 salamanders
  A cyclops (shapeshifter) (D:15)
  An elephant (shapeshifter) (D:14)
  3 guardian serpents
  6 centaur zombies
  7 elephants
  25 black mambas
  12 naga magi
  4 ice statues (IceCv)
  2 efreet (D:15)
  10 spiny frogs
  9 komodo dragons
  A rime drake (Lair:3)
  2 kobold demonologists
  6 ice devils (IceCv)
  A minotaur zombie (Lab)
  A tengu conjurer (D:13)
  A queen bee (D:13)
  6 meliai
  13 polar bears
  9 trolls
  5 hornets
  A wind drake (shapeshifter) (D:15)
  10 blink frogs
  A meliai zombie (D:10)
  10 slime creatures
  A raiju (shapeshifter) (D:15)
  6 hippogriffs
  13 dream sheep
  A centaur simulacrum (D:13)
  The ghost of Kidiri the Magician, an amateur DEFE (D:4)
  16 spriggans (Lair:6)
  A vampire (D:14)
  7 wraiths
  5 wyverns
  A shadow (D:13)
  16 humans
  42 yaks
  3 fire elementals
  2 hungry ghosts (D:14)
  A steam dragon (D:8)
  3 vampire mosquitoes (D:13)
  3 basilisks
  3 wargs
  A warg (shapeshifter) (D:15)
  Menkaure (D:7)
  A soldier ant (D:10)
  32 nagas
  2 hell hounds (D:12)
  2 acid dragons (D:15)
  12 water moccasins
  5 porcupines
  28 orc warriors
  2 sky beasts
  5 black bears
  4 ice beasts
  A phantom (D:7)
  3 slaves (D:9)
  18 ogres
  A necrophage (D:7)
  30 wolves
  7 boggarts
  6 centaurs
  14 crocodiles
  5 big kobolds
  18 bullfrogs
  A wyvern zombie (D:13)
  A wyvern skeleton (D:14)
  A water moccasin zombie (D:9)
  3 scorpions
  20 killer bees
  13 wights
  2 electric eels (Lair:4)
  7 howler monkeys
  2 howler monkeys (shapeshifter) (D:13)
  4 lava snakes (Lab)
  8 crimson imps
  3 bullfrog zombies
  7 jellies
  11 orc priests
  A bullfrog skeleton (D:13)
  4 hounds
  8 centaur skeletons
  5 iguanas
  22 orc wizards
  4 worker ants
  3 spriggan simulacra (IceCv)
  2 troll simulacra (IceCv)
  A killer bee zombie (D:6)
  A worker ant zombie (D:8)
  12 gnolls
  2 naga simulacra (IceCv)
  14 adders
  3 ogre simulacra (IceCv)
  5 shadow imps
  An ooze (D:1)
  An adder zombie (D:7)
  A worm (D:3)
  2 dart slugs
  6 leopard geckos
  72 orcs
  3 ball pythons
  7 bats
  7 giant cockroaches
  3 hobgoblins (D:3)
  4 jackals (D:8)
  10 quokkas
  3 frilled lizards
  6 goblins
  28 kobolds
  A quokka skeleton (D:9)
  9 rats
  A fungus (Lair:6)
  3 plants
938 creatures vanquished.

Vanquished Creatures (others)
  A slave (D:9)
  An ogre (D:9)
  A wight (D:9)
  An orc priest (Orc:2)
  12 fungi
16 creatures vanquished.

Grand Total: 954 creatures vanquished

Notes
Turn   | Place    | Note
-------+----------+-------------------------------------------
     0 | D:1      | Kidiri the Deep Elf Fire Elementalist began the quest for the Orb.
     0 | D:1      | Reached XP level 1. HP: 10/10 MP: 6/6
   208 | D:1      | Reached XP level 2. HP: 15/15 MP: 6/8
   309 | D:1      | Learned a level 2 spell: Throw Flame
   676 | D:2      | Reached XP level 3. HP: 19/19 MP: 7/10
   681 | D:2      | Learned a level 3 spell: Conjure Flame
   685 | D:2      | Learned a level 3 spell: Inner Flame
   868 | D:2      | Found a shadowy altar of Dithmenos.
   883 | D:2      | Reached skill level 4 in Spellcasting
  2208 | D:3      | Reached XP level 4. HP: 23/24 MP: 12/12
  2296 | D:3      | Reached skill level 5 in Spellcasting
  2395 | D:3      | Learned a level 4 spell: Sticky Flame
  2868 | D:4      | Reached XP level 5. HP: 28/28 MP: 9/15
  2934 | D:4      | Noticed Kidiri's ghost (amateur DEFE)
  2945 | D:4      | Killed Kidiri's ghost
  2945 | D:4      | Reached skill level 6 in Spellcasting
  2945 | D:4      | Reached XP level 6. HP: 21/32 MP: 4/17
  2952 | D:4      | Learned a level 5 spell: Fireball
  3636 | D:4      | Found a bloodstained altar of Trog.
  3636 | D:4      | Found an ornate altar of the Wu Jian Council.
  3641 | D:4      | Found a shattered altar of Ashenzari.
  3643 | D:4      | Found a deep blue altar of Sif Muna.
  3645 | D:4      | Found a blossoming altar of Fedhas.
  3685 | D:4      | Reached skill level 7 in Spellcasting
  3709 | D:4      | Reached skill level 5 in Fire Magic
  4207 | D:5      | Entered Level 5 of the Dungeon
  4271 | D:5      | Found a staircase to the Ecumenical Temple.
  4276 | Temple   | Entered the Ecumenical Temple
  4534 | D:5      | Reached XP level 7. HP: 36/36 MP: 12/20
  4914 | D:5      | Reached skill level 8 in Spellcasting
  5466 | D:6      | Found a radiant altar of Vehumet.
  5469 | D:6      | Became a worshipper of Vehumet
  5707 | D:6      | Reached skill level 9 in Spellcasting
  5740 | D:6      | Reached XP level 8. HP: 36/41 MP: 5/23
  5740 | D:6      | Reached skill level 5 in Conjurations
  6405 | D:7      | Reached skill level 10 in Spellcasting
  6687 | D:7      | Reached skill level 11 in Spellcasting
  6693 | D:7      | Reached * piety under Vehumet
  6693 | D:7      | Offered knowledge of Sting by Vehumet.
  6699 | D:7      | Reached XP level 9. HP: 39/45 MP: 14/26
  6715 | D:7      | HP: 2/45 [yak (14)]
  7018 | D:7      | Noticed a kobold demonologist
  7048 | D:7      | Killed a kobold demonologist
  7048 | D:7      | Reached skill level 12 in Spellcasting
  7476 | D:7      | Learned a level 1 spell: Sting
  7608 | D:7      | Noticed Menkaure
  7610 | D:7      | Killed Menkaure
  8200 | D:8      | Offered knowledge of Magic Dart by Vehumet.
  8295 | D:8      | Reached ** piety under Vehumet
  8396 | D:8      | Reached skill level 1 in Short Blades
  8545 | D:8      | Reached skill level 1 in Armour
  8568 | D:8      | Reached skill level 1 in Poison Magic
  8570 | D:8      | Reached skill level 1 in Fighting
  9519 | D:8      | Reached XP level 10. HP: 13/52 MP: 16/28
 10159 | D:8      | Noticed tof's ghost (novice TrMo)
 10189 | D:8      | Killed tof's ghost
 10189 | D:8      | Offered knowledge of Stone Arrow by Vehumet.
 10189 | D:8      | Reached skill level 13 in Spellcasting
 10194 | D:8      | Learned a level 3 spell: Stone Arrow
 10612 | D:9      | Found a basalt altar of Yredelemnul.
 10810 | D:9      | Reached *** piety under Vehumet
 10854 | D:9      | Reached skill level 1 in Earth Magic
 11080 | D:9      | Noticed Pikel
 11090 | D:9      | Killed Pikel
 11487 | D:9      | Learned a level 3 spell: Mephitic Cloud
 11765 | D:10     | Entered Level 10 of the Dungeon
 11904 | D:10     | Offered knowledge of Ignite Poison by Vehumet.
 11909 | D:10     | Learned a level 3 spell: Ignite Poison
 12075 | D:10     | Found a stormy altar of Qazlal.
 12089 | D:10     | Reached skill level 1 in Air Magic
 12282 | D:10     | Found Ohuicucs's Distillery.
 12287 | D:10     | Found a staircase to the Lair.
 12288 | D:10     | Bought a potion of curing for 30 gold pieces
 12288 | D:10     | Bought a potion of brilliance for 40 gold pieces
 12288 | D:10     | Bought a potion of heal wounds for 50 gold pieces
 12288 | D:10     | Bought a potion of haste for 100 gold pieces
 12288 | D:10     | Bought a potion of lignification for 30 gold pieces
 12288 | D:10     | Bought a potion of mutation for 80 gold pieces
 12288 | D:10     | Gained mutation: You are occasionally teleported next to monsters. [potion of mutation]
 12288 | D:10     | Gained mutation: You possess an exceptional clarity of mind. [potion of mutation]
 12288 | D:10     | Gained mutation: You are partially covered in molten scales. (AC +2) [potion of mutation]
 12288 | D:10     | Gained mutation: You have sharp toenails. [potion of mutation]
 12289 | D:10     | Lost mutation: You are occasionally teleported next to monsters. [potion of mutation]
 12289 | D:10     | Lost mutation: You have sharp toenails. [potion of mutation]
 12289 | D:10     | Lost mutation: You possess an exceptional clarity of mind. [potion of mutation]
 12289 | D:10     | Gained mutation: Your magical capacity is low. (-10% MP) [potion of mutation]
 12289 | D:10     | Gained mutation: You have large cloven feet. [potion of mutation]
 12289 | D:10     | Gained mutation: You possess an exceptional clarity of mind. [potion of mutation]
 12393 | D:10     | Reached XP level 11. HP: 59/59 MP: 24/27
 12465 | D:10     | Found a transporter.
 12663 | D:10     | Noticed a flayed ghost
 12663 | D:10     | Noticed a deep elf mage
 12681 | D:10     | Found a transporter.
 12695 | D:10     | Found Woqa's Jewellery Boutique.
 12874 | D:10     | Noticed a two-headed ogre
 12882 | D:10     | Killed a two-headed ogre
 12975 | D:10     | Found Vuaqikhli's Armour Boutique.
 13179 | Lair:1   | Entered Level 1 of the Lair of Beasts
 13323 | Lair:1   | Reached skill level 5 in Dodging
 13364 | Lair:1   | Reached skill level 14 in Spellcasting
 13369 | Lair:1   | Reached **** piety under Vehumet
 13465 | Lair:1   | Found an iron altar of Okawaru.
 13476 | Lair:1   | Learned a level 5 spell: Bolt of Magma
 13958 | Lair:1   | Learned a level 6 spell: Iron Shot
 14348 | Lair:2   | Offered knowledge of Bolt of Draining by Vehumet.
 14375 | Lair:2   | Identified a scroll of acquirement
 14550 | Lair:2   | Found a frozen archway.
 14571 | IceCv    | Entered an ice cave
 14701 | IceCv    | Reached skill level 5 in Poison Magic
 15436 | IceCv    | Reached XP level 12. HP: 64/64 MP: 14/29
 15901 | IceCv    | Found the +4 moon troll leather armour {Spirit, Regen++ MP+5}
 16434 | Lair:2   | Noticed a six-headed hydra
 16435 | Lair:2   | Noticed an eight-headed hydra
 16441 | Lair:2   | Reached skill level 15 in Spellcasting
 16443 | Lair:2   | Killed an eight-headed hydra
 16450 | Lair:2   | Killed a six-headed hydra
 16732 | Lair:2   | Got a vibrating copper amulet
 16733 | Lair:2   | Identified the amulet of Untruth {+Inv Regen+} (You found it on level 2 of the Lair of Beasts)
 17558 | Lair:3   | Noticed Gastronok
 17573 | Lair:3   | Killed Gastronok
 17580 | Lair:3   | Reached skill level 5 in Earth Magic
 17595 | Lair:3   | Reached skill level 5 in Short Blades
 17602 | Lair:3   | Reached ***** piety under Vehumet
 17676 | Lair:3   | Offered knowledge of Iskenderun's Mystic Blast by Vehumet.
 17914 | Lair:3   | Got a steaming falchion
 17915 | Lair:3   | Identified the +9 falchion "Impslayer" {antimagic, rN+ Str+3} (You found it on level 3 of the Lair of Beasts)
 18081 | Lair:4   | Found a staircase to the Snake Pit.
 18085 | Lair:4   | Noticed a six-headed hydra
 18336 | Lair:4   | Learned a level 7 spell: Orb of Destruction
 18366 | Lair:4   | Found a staircase to the Shoals.
 18386 | Lair:4   | Reached XP level 13. HP: 60/72 MP: 27/31
 18389 | Lair:4   | Reached skill level 5 in Air Magic
 18812 | Lair:4   | Reached skill level 10 in Fire Magic
 19683 | Lair:5   | Found a staircase to the Slime Pits.
 20358 | Lair:6   | Entered Level 6 of the Lair of Beasts
 20463 | Lair:6   | Reached skill level 16 in Spellcasting
 21122 | Lair:6   | Reached skill level 5 in Fighting
 21123 | Lair:6   | Reached skill level 5 in Armour
 21370 | Lair:6   | Reached skill level 10 in Conjurations
 21387 | Lair:6   | Offered knowledge of Bolt of Cold by Vehumet.
 21927 | Lair:6   | Reached XP level 14. HP: 78/78 MP: 25/33
 22206 | Lair:6   | Got a pitted shield
 22212 | Lair:6   | Identified the +5 shield "Buxeocit" {rC+ Int+4} (You acquired it on level 6 of the Lair of Beasts)
 22246 | Lair:6   | Reached skill level 1 in Shields
 22798 | D:10     | Bought the ring of Danich {rElec rF+ Str+2 Int+3} for 693 gold pieces
 23620 | D:12     | Offered knowledge of Bolt of Fire by Vehumet.
 23978 | D:12     | Found a staircase to the Orcish Mines.
 25110 | Orc:1    | Entered Level 1 of the Orcish Mines
 25115 | Orc:1    | Noticed Josephine
 25120 | Orc:1    | Killed Josephine
 25399 | Orc:2    | Entered Level 2 of the Orcish Mines
 25494 | D:13     | Found a gate to the Vaults.
 25494 | D:13     | Noticed Rupert
 25605 | D:13     | Paralysed by Rupert for 4 turns
 25614 | D:13     | Killed Rupert
 25729 | D:13     | Noticed Azrael
 25885 | D:13     | Killed Azrael
 25885 | D:13     | Reached skill level 17 in Spellcasting
 26955 | D:13     | Noticed Frances
 26958 | D:13     | Killed Frances
 26958 | D:13     | Reached XP level 15. HP: 84/84 MP: 33/34
 26966 | D:13     | Learned a level 6 spell: Bolt of Fire
 27572 | D:14     | Found a labyrinth entrance.
 27614 | Lab      | Entered a labyrinth
 27622 | Lab      | Offered knowledge of Poison Arrow by Vehumet.
 28119 | Lab      | Found an exit through the horrors of the Abyss.
 29077 | D:14     | Found Kewamm's Jewellery Shop.
 29721 | D:15     | Entered Level 15 of the Dungeon
 30536 | D:15     | HP: 1/84 [meliai/divine providence (15)]
 31044 | D:15     | Got an uncursed encrusted long sword {flame}
 31045 | D:15     | Identified the +9 long sword of Biz Hyon {flame, Dex+4} (You took it off a centaur on level 15 of the Dungeon)
 31139 | D:15     | Found a staircase to the Depths.
 31644 | Orc:1    | Reached ****** piety under Vehumet
 31651 | Orc:1    | Offered knowledge of Freezing Cloud by Vehumet.
 32361 | Orc:2    | Found a staircase to the Elven Halls.
 32670 | Orc:1    | Offered knowledge of Conjure Ball Lightning by Vehumet.
 32904 | Orc:2    | Found Juedugh's Antique Weapon Shop.
 32904 | Orc:2    | Found Woefam's Book Emporium.
 32914 | Orc:2    | Found Ulid's Weapon Emporium.
 32914 | Orc:2    | Found Iqautaheuts's Gadget Shop.
 33375 | Snake:1  | Entered Level 1 of the Snake Pit
 33994 | Snake:1  | Reached XP level 16. HP: 27/90 MP: 11/36
 33995 | Snake:1  | HP: 3/90 [salamander/halberd (2)]
 33995 | Snake:1  | Reached skill level 18 in Spellcasting
 35489 | Snake:2  | Got a warped chain mail
 35500 | Snake:2  | Identified the +6 chain mail of the Tick {-Cast rPois Str+5} (You found it on level 2 of the Snake Pit)
 35803 | Snake:2  | Reached skill level 10 in Dodging
 36907 | Snake:3  | Offered knowledge of Ozocubu's Refrigeration by Vehumet.
 37834 | Snake:4  | Entered Level 4 of the Snake Pit
 38498 | Snake:4  | Reached skill level 5 in Shields
 39237 | Snake:4  | Reached XP level 17. HP: 96/96 MP: 18/37
 39649 | Snake:4  | Reached skill level 19 in Spellcasting
 39656 | Snake:4  | Noticed Slowdrip's ghost (adept CeGl)
 39661 | Snake:4  | Slain by a black mamba

Vault maps used:
D:1:      minmay_arrival_four_houses, minmay_misc_feat_four_crosses,
          hangedman_abyss_or_decor_stabs
D:2:      mumra_celtic_spiral_tile, nicolae_dithmenos_shadow_blocks
D:4:      chequers_temple_overflow_minitemple
D:5:      minmay_temple_entry_trees, first_bread, serial_park_tiny_pond,
          minmay_misc_feat_roman
D:6:      kennysheep_mini, nrook_mini_backslash
D:7:      uniq_menkaure
D:9:      basic_altar, grunt_ogre_cave, uniq_pikel
D:10:     gammafunk_sealed_arena, lair_entry_dummy, serial_shops, shop,
          nicolae_shop_statue_plus, shop, nicolae_qazlal_style_of_elements
D:12:     orc_0_dummy
D:13:     david_vaults_3, special_room, uniq_frances, uniq_azrael
D:14:     moated_statue, serial_shops, nicolae_shop_waterfront,
          lab_entry_generic, hangedman_decor_growths
D:15:     gammafunk_enter_depths_forms, palyth_stone_intersect,
          kennysheep_kite_vault
Temple:   regret_index_temple_generic_petals
Lair:1:   basic_altar
Lair:2:   portal_ice_cave_entry_pillars_2, st_stairs_5,
          hangedman_lair_generics_rect, serial_bayou_shore_b
Lair:3:   uniq_gastronok
Lair:4:   shoals_dummy_entry, dummy_snake_entry, serial_bayou_ford_a,
          beast_lair_carwin_6, infiniplex_staircase_pool
Lair:5:   minmay_slime_entry_pillars
Lair:6:   minmay_lair_end_enchanted_forest
Snake:1:  cheibrodos_snake_lava_hold
Snake:3:  serial_bayou_shore_b
Snake:4:  johnstein_snake_rune_scales, grunt_ministairs_13, serial_bayou_shore_b
Orc:1:    uniq_josephine
Orc:2:    grunt_orc_tribal_feast
Lab:      labyrinth_hidden_loot, labyrinth_fake_exit, nicolae_lab_do_over,
          nicolae_lab_statue, labyrinth_lava_lair
IceCv:    ice_cave_tombish

Skill      XL: |  1  2  3  4  5  6  7  8  9 10 11 12 13 14 15 16 17 |
---------------+----------------------------------------------------+-----
Conjurations   | 2 3 4 6 7 8 9 10 11 | 11.9
Spellcasting   | 4 5 6 7 9 11 12 13 14 15 16 17 18 19 | 19.0
Fire Magic     | 4 5 7 8 9 10 11 12 | 12.2
Short Blades   | 1 3 4 5 6 7 |  7.9
Armour         | 1 2 3 4 5 6 7 |  7.3
Poison Magic   | 1 3 5 6 7 8 9 |  9.6
Fighting       | 1 2 3 4 5 6 7 |  7.2
Dodging        | 3 4 6 7 9 10 | 10.6
Earth Magic    | 2 4 5 6 7 8 9 |  9.1
Air Magic      | 1 3 4 6 7 8 |  8.6
Shields        | 3 4 5 |  5.1
Stealth        | |  2.4

Action                   |  1- 3 |  4- 6 |  7- 9 | 10-12 | 13-15 | 16-18 || total
-------------------------+-------+-------+-------+-------+-------+-------++-------
Melee: Dagger            |    22 |    16 |    85 |    83 |   139 |       ||   345
       Staff             |       |       |       |    17 |       |       ||    17
       Kick              |       |       |       |    15 |    37 |     4 ||    56
       Long sword        |       |       |       |       |    22 |     9 ||    31
Throw: Throwing net      |       |       |     1 |       |       |       ||     1
 Cast: Flame Tongue      |    51 |    64 |   143 |   153 |    27 |    25 ||   463
       Throw Flame       |     6 |     8 |    24 |    25 |    13 |     3 ||    79
       Conjure Flame     |       |     3 |    14 |    20 |     7 |     2 ||    46
       Sticky Flame      |       |     1 |    28 |    71 |    75 |    24 ||   199
       Inner Flame       |       |     1 |    15 |    13 |     9 |       ||    38
       Sting             |       |       |     5 |       |       |       ||     5
       Mephitic Cloud    |       |       |       |    10 |    14 |       ||    24
       Ignite Poison     |       |       |       |     7 |     1 |       ||     8
       Bolt of Magma     |       |       |       |    89 |   162 |     3 ||   254
       Fireball          |       |       |       |     8 |    16 |     7 ||    31
       Orb of Destructio |       |       |       |       |   112 |    50 ||   162
       Iron Shot         |       |       |       |       |    41 |     8 ||    49
       Bolt of Fire      |       |       |       |       |   111 |    96 ||   207
  Use: Scroll            |     5 |     5 |     8 |    15 |    17 |     6 ||    56
       Potion            |       |       |     2 |     5 |     1 |     4 ||    12
 Stab: Sleeping          |     7 |     1 |     5 |    10 |     2 |       ||    25
  Eat: Fruit             |     2 |       |     3 |       |     7 |     1 ||    13
       Chunk             |     1 |     7 |    11 |    21 |    53 |     6 ||    99
       Bread ration      |       |       |     1 |       |       |       ||     1
       Royal jelly       |       |       |       |     3 |     5 |     5 ||    13
Armor: Robe              |     6 |     5 |    30 |    52 |    94 |    10 ||   197
Dodge: Dodged            |    31 |    23 |    90 |   155 |   410 |    85 ||   794
Block: Buckler           |       |       |       |       |    40 |       ||    40
       Shield            |       |       |       |       |    18 |   111 ||   129
       Rpst.: Long sword |       |       |       |       |    26 |    12 ||    38

Table legend:
 A = Spawn XP
 B = Non-spawn XP
 C = Spawn XP percentage of total XP
 D = Spawn monster count
 E = Non-spawn monster count
 F = Spawn count percentage of total count
 G = Total turns spent on level
                    A         B        C        D         E        F      G
               +---------+---------+-------+---------+---------+-------+---------
         Total |       0 |  221725 |   0.0 |       0 |     931 |   0.0 | 39661
               +---------+---------+-------+---------+---------+-------+---------
           D:1 |       0 |      37 |   0.0 |       0 |      21 |   0.0 |   700
           D:2 |       0 |      54 |   0.0 |       0 |      16 |   0.0 |  1499
           D:3 |       0 |      94 |   0.0 |       0 |      17 |   0.0 |   668
           D:4 |       0 |     472 |   0.0 |       0 |      14 |   0.0 |  1377
           D:5 |       0 |     436 |   0.0 |       0 |      11 |   0.0 |   945
           D:6 |       0 |     890 |   0.0 |       0 |      23 |   0.0 |  1417
           D:7 |       0 |    2342 |   0.0 |       0 |      39 |   0.0 |  1383
           D:8 |       0 |    2995 |   0.0 |       0 |      44 |   0.0 |  2487
           D:9 |       0 |    1809 |   0.0 |       0 |      28 |   0.0 |  1133
          D:10 |       0 |    3444 |   0.0 |       0 |      27 |   0.0 |  1499
          D:11 |       0 |    2333 |   0.0 |       0 |      11 |   0.0 |   741
          D:12 |       0 |   10348 |   0.0 |       0 |      52 |   0.0 |  1931
          D:13 |       0 |   22003 |   0.0 |       0 |      66 |   0.0 |  1831
          D:14 |       0 |    5928 |   0.0 |       0 |      26 |   0.0 |  1330
          D:15 |       0 |   20631 |   0.0 |       0 |      66 |   0.0 |  1613
        Lair:1 |       0 |    3664 |   0.0 |       0 |      19 |   0.0 |  1447
        Lair:2 |       0 |    8757 |   0.0 |       0 |      33 |   0.0 |  1390
        Lair:3 |       0 |    4590 |   0.0 |       0 |      12 |   0.0 |   855
        Lair:4 |       0 |    9526 |   0.0 |       0 |      34 |   0.0 |  1521
        Lair:5 |       0 |    5088 |   0.0 |       0 |      20 |   0.0 |  1004
        Lair:6 |       0 |   19437 |   0.0 |       0 |      89 |   0.0 |  2303
       Snake:1 |       0 |   10631 |   0.0 |       0 |      19 |   0.0 |  1600
       Snake:2 |       0 |   15690 |   0.0 |       0 |      26 |   0.0 |  1173
       Snake:3 |       0 |   19292 |   0.0 |       0 |      35 |   0.0 |  1928
       Snake:4 |       0 |   27169 |   0.0 |       0 |      52 |   0.0 |  1275
         Orc:1 |       0 |    6556 |   0.0 |       0 |      48 |   0.0 |  1019
         Orc:2 |       0 |   11207 |   0.0 |       0 |      56 |   0.0 |   940
           Lab |       0 |    1613 |   0.0 |       0 |       6 |   0.0 |  1038
         IceCv |       0 |    4689 |   0.0 |       0 |      21 |   0.0 |  1414
               +---------+---------+-------+---------+---------+-------+---------
